 Dungeon Crawl Stone Soup version 0.31.0-32-g396128a36d (webtiles) character file.

Game seed: 2561785206151991827

49283 denf the Severer (level 14, 0/132 HPs)
             Began as a Minotaur Fighter on Apr 4, 2024.
             Was the Champion of Okawaru.
             Constricted to death by a naga warrior (5 damage)
             ... on level 2 of the Snake Pit.
             The game lasted 00:50:10 (12688 turns).

denf the Severer (Minotaur Fighter)                Turns: 12688, Time: 00:50:11

Health: 0/132      AC: 14    Str: 23    XL:     14   Next: 15%
Magic:  13/13      EV:  7    Int:  5    God:    Okawaru [******]
Gold:   899        SH:  8    Dex: 17    Spells: 13/13 levels left

rFire   + . .        G - +5 broad axe (flame)
rCold   + . .        c - +0 buckler
rNeg    . . .        l - +0 swamp dragon scales
rPois   +            (helmet restricted)
rElec   .            H - scarf of a Gauntlet {rC+ rF+, Dex+4}
rCorr   .            m - +0 pair of gloves
SInv    .            e - +0 pair of boots
Will    +....        B - amulet of regeneration
Stlth   +            x - +4 ring of slaying
HPRegen 1.22/turn    b - ring of poison resistance
MPRegen 0.13/turn

%: no passive effects
@: lethally poisoned (0 -> -1), slowed, constricted, very slow
A: horns 2, retaliatory headbutt
a: Renounce Religion, Heroism, Finesse, Duel


You were on level 2 of the Snake Pit.
You worshipped Okawaru.
Okawaru was exalted by your worship.
You visited 5 branches of the dungeon, and saw 17 of its levels.

You collected 899 gold pieces.

Inventory:

Hand Weapons
 a - a +5 war axe
 E - a +5 long sword of draining
 G - a +5 broad axe of flaming (weapon)
Missiles
 d - 14 curare-tipped darts (quivered)
 C - 5 atropa-tipped darts
Armour
 c - a +0 buckler (worn)
 e - a +0 pair of boots (worn)
 l - +0 swamp dragon scales (worn)
 m - a +0 pair of gloves (worn)
 q - the +0 cloak "Yqoiviple" {-Cast rElec rC+ Dex+5}
   (You found it on level 3 of the Lair of Beasts)

   Dex+5:     It affects your dexterity (+5).
   rC+:       It protects you from cold.
   rElec:     It insulates you from electricity.
   -Cast:     It prevents spellcasting.
 u - a +2 ring mail of fire resistance
 y - +0 steam dragon scales
 H - the scarf of a Gauntlet (worn) {rC+ rF+, Dex+4}
   (Okawaru gifted it to you on level 1 of the Lair of Beasts)

   Dex+4:     It affects your dexterity (+4).
Jewellery
 b - a ring of poison resistance (right hand)
 k - an amulet of guardian spirit
 v - the ring "Vosyfiosh" {Int+3 Slay+2 SInv}
   (You found it on level 5 of the Dungeon)

   [ring of see invisible]

   Int+3:     It affects your intelligence (+3).
   Slay+2:    It affects your accuracy & damage with ranged weapons and melee
   (+2).
   SInv:      It lets you see invisible.
 x - a +4 ring of slaying (left hand)
 B - an amulet of regeneration (around neck)
Wands
 n - a wand of mindburst (10)
 r - a wand of roots (5)
 t - a wand of flame (28)
 w - a wand of quicksilver (20)
Scrolls
 f - 2 scrolls of silence
 g - a scroll of immolation
 i - a scroll of identify
 j - a scroll of fear
 z - a scroll of amnesia
 A - 2 scrolls of teleportation
Potions
 h - 2 potions of enlightenment
 o - 2 potions of cancellation
 p - a potion of invisibility
 s - 2 potions of haste


   Skills:
 + Level 14.1 Fighting
 - Level 18.0 Axes
 + Level 14.2 Armour
 + Level 14.2 Shields


You had 13 spell levels left.
You didn't know any spells.
Your spell library contained the following spells:

 Spells                   Type           Power      Damage    Failure   Level
 Apportation              Tloc           0%         N/A       63%         1
 Magic Dart               Conj           0%         1d3       63%         1
 Necrotise                Necr           0%         1d4       63%         1
 Sandblast                Erth           0%         2d4       63%         1
 Slow                     Hex            0%         N/A       63%         1
 Sting                    Conj/Alch      0%         1d3       63%         1
 Blink                    Tloc           0%         N/A       77%         2
 Ensorcelled Hibernation  Hex/Ice        0%         N/A       77%         2
 Mercury Vapours          Alch/Air       0%         N/A       77%         2
 Confusing Touch          Hex            0%         N/A       94%         3
 Inner Flame              Hex/Fire       0%         N/A       94%         3
 Passwall                 Erth           0%         N/A       94%         3
 Sigil of Binding         Hex            0%         N/A       94%         3
 Stone Arrow              Conj/Erth      0%         3d7       94%         3
 Vampiric Draining        Necr           0%         2d6       94%         3
 Brom's Barrelling Bould  Conj/Erth      0%         2d3       100%        4
 Dimensional Bullseye     Hex/Tloc       0%         N/A       100%        4
 Ignite Poison            Fire/Alch      0%         N/A       100%        4
 Olgreb's Toxic Radiance  Alch           0%         N/A       100%        4
 Passage of Golubria      Tloc           0%         N/A       100%        4
 Sticky Flame             Fire/Alch      0%         2d4       100%        4
 Irradiate                Conj/Alch      0%         3d11      100%        5
 Yara's Violent Unravell  Hex/Alch       0%         3d3       100%        5
 Orb of Destruction       Conj           0%         9d5       100%        7
 Ignition                 Fire           0%         3d3       100%        8
 Summon Small Mammal      Summ           Unusable   N/A       N/A         1
 Call Imp                 Summ           Unusable   N/A       N/A         2
 Call Canine Familiar     Summ           Unusable   N/A       N/A         3
 Tukima's Dance           Hex            Unusable   N/A       N/A         3
 Summon Blazeheart Golem  Fire/Summ      Unusable   N/A       N/A         4
 Spellforged Servitor     Conj/Summ      Unusable   N/A       N/A         7

Dungeon Overview and Level Annotations

Branches:
Dungeon (9/15)             Temple (1/1) D:5            Lair (4/5) D:9
  Swamp (1/4) Lair:3        Snake (2/4) Lair:3
  Slime: Lair:4-5       Orc: D:9-12

Altars:
Ashenzari
Cheibriados
Dithmenos
Elyvilon
Fedhas
Gozag
Hepliaklqana
Kikubaaqudgha
Makhleb
Nemelex Xobeh
Okawaru
Qazlal
Ru
Sif Muna
Trog
Uskayaw
Vehumet
Wu Jian
Xom
Yredelemnul
Zin
The Shining One

Shops:
D:2 *   D:4 =*!:   D:5 *[   D:8 :

Annotations:
D:9 exclusion: obsidian statue


Innate Abilities, Weirdness & Mutations

You have a pair of horns on your head.
You reflexively headbutt those who attack you in melee.


Message History

You are more poisoned.
You resist.
The naga warrior hits you but does no damage.
The naga warrior constricts you. The guardian serpent hits you!
You slice the guardian serpent!! You burn the guardian serpent.
You kill the guardian serpent!
Okawaru accepts your kill.
You hit the naga warrior. You burn the naga warrior. You hit the naga mage.
You burn the naga mage.
You kill the naga mage!
Okawaru accepts your kill.
You feel very sick.
The naga warrior hits you with a +0 hand axe.
* * * LOW HITPOINT WARNING * * *
The naga warrior constricts you.
* * * LOW HITPOINT WARNING * * *
You barely miss the naga warrior.
The naga warrior is heavily wounded.
You feel very sick.
The naga warrior hits you with a +0 hand axe!
* * * LOW HITPOINT WARNING * * *
The naga warrior constricts you. The naga warrior blocks your attack.
Your headbutt misses the naga warrior.
The naga warrior is heavily wounded.
You feel very sick.
The naga warrior hits you with a +0 hand axe!
* * * LOW HITPOINT WARNING * * *
The naga warrior constricts you.
* * * LOW HITPOINT WARNING * * *
The naga warrior blocks your attack.
The naga warrior is heavily wounded.
You feel very sick. The naga warrior barely misses you.
The naga warrior constricts you.
* * * LOW HITPOINT WARNING * * *
You slash the naga warrior! You burn the naga warrior.
Your headbutt misses the naga warrior.
The naga warrior is severely wounded.
You feel sick. You block the naga warrior's attack.
The naga warrior constricts you.
You die...

#......#
#......# .
#...<..# ...
#......# ....
#......##...?.
#.............
##.....##.....
##...#N......
###.@.......
#).......#
#.......##
.......##
#....###..
...... ..
.......# .
#........


You could see a naga warrior (reflecting).

Vanquished Creatures
  Jorgrun (Snake:1)
  A nagaraja (Snake:1)
  An eleionoma (Swamp:1)
  4 anacondas (Snake:1)
  A two-headed ogre (D:9)
  Erolcha (D:9)
  A centaur warrior (D:8)
  2 naga warriors (Snake:1)
  The ghost of diceflayer the Fighter, a novice MiFi (D:7)
  A shock serpent (Snake:1)
  A skyshark (Lair:4)
  4 mana vipers (Snake:1)
  A goliath frog (Lair:3)
  2 swamp dragons (Lair:3)
  An orc knight (D:8)
  2 naga ritualists (Snake:1)
  2 bog bodies (Swamp:1)
  Pikel (D:5)
  Maurice (D:8)
  3 salamanders (Snake:1)
  14 elephants
  2 guardian serpents
  14 black mambas
  9 cane toads
  5 naga magi
  3 torpor snails
  4 komodo dragons
  2 rime drakes (Lair:2)
  2 hornets
  A polar bear (Lair:4)
  9 blink frogs (Lair:4)
  10 dream sheep
  2 wyverns
  24 yaks
  10 nagas
  3 steam dragons
  Menkaure (D:6)
  A swamp worm (Swamp:1)
  11 water moccasins
  An orc warrior (D:9)
  A sky beast (D:8)
  A black bear (D:6)
  3 ogres
  An ice beast (D:5)
  A lemure (D:5)
  6 centaurs
  2 wolves (D:9)
  2 phantoms (D:5)
  14 kobold brigands
  14 bullfrogs
  2 scorpions
  10 wights
  5 killer bees (D:8)
  5 howler monkeys
  2 jellies (D:8)
  A hound (D:4)
  5 orc priests
  2 sleepcaps
  Jessica (D:2)
  5 iguanas
  8 orc wizards
  11 adders
  A shadow imp (D:8)
  A white imp (D:8)
  2 ufetubi (D:5)
  A dart slug (D:1)
  4 ribbon worms
  27 orcs
  7 endoplasms
  6 giant cockroaches
  7 hobgoblins
  4 jackals (D:3)
  20 kobolds
  8 quokkas
  3 ball pythons
  3 bats
  8 goblins
  4 rats
368 creatures vanquished.

Notes
Turn   | Place    | Note
-------+----------+-------------------------------------------
     0 | D:1      | denf the Minotaur Fighter began the quest for the Orb.
     0 | D:1      | Reached XP level 1. HP: 19/19 MP: 0/0
    80 | D:1      | Reached XP level 2. HP: 19/27 MP: 1/1
   129 | D:1      | Reached skill level 3 in Axes
   428 | D:1      | Reached XP level 3. HP: 32/33 MP: 2/2
   499 | D:2      | Noticed Jessica
   508 | D:2      | Killed Jessica
   512 | D:2      | Got Jessica's Parchment of Doom
   654 | D:2      | Reached XP level 4. HP: 40/40 MP: 3/3
   784 | D:2      | Found Zopad's Assorted Antiques.
  1406 | D:2      | Reached skill level 4 in Axes
  2344 | D:4      | Reached XP level 5. HP: 46/47 MP: 4/4
  2508 | D:4      | Found Wew Gean's Jewellery Shop.
  2694 | D:4      | Noticed an ogre
  2834 | D:4      | Killed an ogre
  2835 | D:4      | Reached skill level 5 in Axes
  2835 | D:4      | Reached XP level 6. HP: 38/55 MP: 5/5
  2876 | D:4      | Found Reemm's Distillery.
  2886 | D:4      | Found Xumel's Assorted Antiques.
  2892 | D:4      | Reached skill level 5 in Armour
  2905 | D:4      | Reached skill level 5 in Fighting
  2905 | D:4      | Reached skill level 5 in Shields
  3149 | D:4      | Found Fest's Book Boutique.
  3714 | D:5      | Entered Level 5 of the Dungeon
  3733 | D:5      | Found a shimmering blue altar of Sif Muna.
  3737 | D:5      | Found a radiant altar of Vehumet.
  3806 | D:5      | Reached skill level 6 in Axes
  3806 | D:5      | Reached XP level 7. HP: 42/61 MP: 6/6
  3834 | D:5      | Found a staircase to the Ecumenical Temple.
  3847 | Temple   | Entered the Ecumenical Temple
  3874 | Temple   | Became a worshipper of Warmaster Okawaru
  4005 | D:5      | Found Yliazest's CLEARANCE SALE!.
  4028 | D:5      | Found Silioborea's Armour Shoppe.
  4041 | D:5      | Identified the ring "Vosyfiosh" {Int+3 Slay+2 SInv}
  4260 | D:5      | Reached * piety under Okawaru
  4309 | D:6      | Noticed Menkaure
  4520 | D:6      | Noticed Pikel
  4608 | D:5      | Reached skill level 7 in Axes
  4613 | D:5      | Killed Pikel
  4614 | D:5      | Reached skill level 8 in Axes
  4614 | D:5      | Reached XP level 8. HP: 8/71 MP: 1/7
  4843 | D:5      | Reached ** piety under Okawaru
  4875 | D:6      | Killed Menkaure
  5112 | D:6      | Reached skill level 9 in Axes
  5118 | D:6      | Found a hide-covered altar of Uskayaw.
  5118 | D:6      | Found an opulent altar of Gozag.
  5209 | D:6      | Reached XP level 9. HP: 78/79 MP: 8/8
  5592 | D:7      | Found a runed translucent gate.
  5592 | D:7      | Found a runed translucent gate.
  5593 | D:7      | Noticed diceflayer's ghost (novice MiFi)
  5958 | D:7      | Found a runed translucent gate.
  6315 | D:7      | Found a blossoming altar of Fedhas.
  6504 | D:7      | Reached *** piety under Okawaru
  6506 | D:7      | Reached skill level 10 in Axes
  6526 | D:7      | Killed diceflayer's ghost
  6538 | D:7      | Reached **** piety under Okawaru
  6539 | D:7      | Reached skill level 11 in Axes
  6693 | D:8      | Noticed Maurice
  6698 | D:8      | Maurice stole 10 curare-tipped darts
  6700 | D:8      | Killed Maurice
  6701 | D:8      | Reached XP level 10. HP: 58/90 MP: 6/9
  7033 | D:8      | Found Zethroes's Book Shop.
  7033 | D:8      | Noticed a walking crystal tome
  7034 | D:8      | Noticed a walking crystal tome
  7623 | D:8      | Reached ***** piety under Okawaru
  7624 | D:8      | Reached skill level 12 in Axes
  7838 | D:8      | Noticed a centaur warrior
  7846 | D:8      | Killed a centaur warrior
  7851 | D:8      | Noticed an orc knight
  7914 | D:8      | Killed an orc knight
  7914 | D:8      | Received a gift from Okawaru
  7958 | D:8      | Identified the staff of Luxury {Fly rF+ rN+ Int-2 Dex+2
                  | Fire}
  8073 | D:9      | Reached XP level 11. HP: 87/96 MP: 10/10
  8084 | D:9      | Noticed an obsidian statue
  8141 | D:9      | Found a snail-covered altar of Cheibriados.
  8147 | D:9      | Reached skill level 13 in Axes
  8225 | D:9      | Reached skill level 10 in Armour
  8275 | D:9      | Reached skill level 10 in Shields
  8336 | D:9      | Noticed Erolcha
  8341 | D:9      | Killed Erolcha
  8342 | D:9      | Reached skill level 10 in Fighting
  8392 | D:9      | Found a staircase to the Lair.
  8415 | D:9      | Noticed a two-headed ogre
  8426 | D:9      | Killed a two-headed ogre
  8795 | Lair:1   | Entered Level 1 of the Lair of Beasts
  8893 | Lair:1   | Reached skill level 14 in Axes
  8901 | Lair:1   | Reached ****** piety under Okawaru
  8909 | Lair:1   | Acquired a +0 broad axe of flaming
  8909 | Lair:1   | Received a gift from Okawaru
  8911 | Lair:1   | Acquired the scarf of a Gauntlet {rC+ rF+, Dex+4}
  8911 | Lair:1   | Received a gift from Okawaru
  9520 | Lair:2   | Received a gift from Okawaru
  9577 | Lair:2   | Reached XP level 12. HP: 106/110 MP: 11/11
  9590 | Lair:2   | Reached skill level 15 in Axes
  9773 | Lair:2   | You fall into a shaft and drop 2 floors!
  9882 | Lair:4   | Received a gift from Okawaru
 10007 | Lair:4   | Reached skill level 16 in Axes
 10027 | Lair:3   | Found a transporter.
 10236 | Lair:3   | Found a gate leading to a gauntlet.
 10249 | Lair:3   | Found a transporter.
 10321 | Lair:3   | Received a gift from Okawaru
 10362 | Lair:3   | Found a staircase to the Swamp.
 10397 | Lair:3   | Paralysed by a hornet for 3 turns
 10490 | Swamp:1  | Entered Level 1 of the Swamp
 10531 | Lair:3   | Reached XP level 13. HP: 109/119 MP: 12/12
 10700 | Lair:3   | Found a staircase to the Snake Pit.
 10826 | Lair:3   | Reached skill level 17 in Axes
 10832 | Lair:3   | Received a gift from Okawaru
 10923 | Lair:3   | Identified the +0 cloak "Yqoiviple" {-Cast rElec rC+ Dex+5}
 11081 | Swamp:1  | Noticed an eleionoma
 11093 | Swamp:1  | Killed an eleionoma
 11230 | Snake:1  | Entered Level 1 of the Snake Pit
 11242 | Snake:1  | Noticed a nagaraja
 11258 | Snake:1  | Killed a nagaraja
 11542 | Snake:1  | Received a gift from Okawaru
 11689 | Snake:1  | Reached skill level 18 in Axes
 11909 | Snake:1  | Received a gift from Okawaru
 11914 | Snake:1  | Reached XP level 14. HP: 14/130 MP: 13/13
 11917 | Snake:1  | HP: 6/130 [poisoned by a naga ritualist (toxic radiance)]
 11922 | Snake:1  | HP: 3/130 [poisoned by a naga ritualist (toxic radiance)]
 11927 | Snake:1  | HP: 4/130 [poisoned by a naga ritualist (toxic radiance)]
 12300 | Snake:1  | Noticed Jorgrun
 12309 | Snake:1  | Killed Jorgrun
 12687 | Snake:2  | HP: 6/132 [constriction (1)]
 12688 | Snake:2  | Constricted to death by a naga warrior

Illustrated notes

Levels and vault maps discovered:
D:1:      shiori_arrival_oz, layout_rooms, grunt_decor_fettered
D:2:      layout_basic, serial_shops, shop, kennysheep_jessica_study
D:3:      layout_basic, dk_noncrumbling_2, kennysheep_generic_room_14
D:4:      layout_layer_cave, serial_shops, kennysheep_mini_moat,
          nicolae_shop_getting_attention, nicolae_shop_stone, shop_statue,
          minivault_14
D:5:      layout_rooms, mainiacjoe_overflow_catch_the_wave,
          minmay_temple_entry_gardened_gates, serial_shops, shop,
          minmay_misc_feat_room, nicolae_shop_clearance
D:6:      layout_rooms, chequers_temple_overflow_statue_of_worship, uniq_pikel,
          uniq_menkaure
D:7:      layout_loops_corners, lemuel_coloured_pillars_altar,
          gammafunk_ghost_nasty_kobolds
D:8:      minmay_the_grid_plus_closed [minmay_the_grid_minigrid_large,
          minmay_the_grid_rooms, minmay_the_grid_pillar_ring,
          minmay_the_grid_small_cups, minmay_the_grid_prize_diamond_cup],
          layout_basic, serial_shops, nicolae_shop_mannequins,
          minmay_misc_feat_iff, minmay_diced_spiral, uniq_maurice
D:9:      layout_loops_ring, mainiacjoe_overflow_small_starburst,
          erik_lair_orcish_takeover, minmay_statue_bubble, uniq_erolcha
Temple:   lightli_temple_of_artemis
Lair:1:   layout_gridlike
Lair:2:   layout_cave_pods
Lair:3:   gammafunk_cloud_chamber, layout_cave_pods,
          mainiacjoe_swamp_entry_lozenge_pond,
          minmay_snake_entry_guardpost_medium, gauntlet_entry_generic,
          grunt_megastairs_5
Lair:4:   layout_roguey, roderic_batcave
Swamp:1:  layout_basic_swamp, hangedman_swamp_pad
Snake:1:  hangedman_cross_veins, layout_misc_corridors, lemuel_fruit_tree,
          uniq_jorgrun
Snake:2:  hangedman_cross_stitches, layout_chambers, serial_shops, shop,
          nicolae_snake_single_loop

Skill      XL: |  1  2  3  4  5  6  7  8  9 10 11 12 13 14 |
---------------+-------------------------------------------+-----
Axes           | 3 4 5 6 8 9 11 12 14 16 18 | 18.0
Shields        | 4 5 6 7 8 9 11 12 13 14 | 14.2
Fighting       | 4 5 6 7 8 9 11 12 13 14 | 14.1
Armour         | 4 5 6 7 8 9 11 12 13 14 | 14.2

Action                     |  1- 3 |  4- 6 |  7- 9 | 10-12 | 13-15 || total
---------------------------+-------+-------+-------+-------+-------++-------
  Melee: War axe           |    52 |    96 |   158 |   218 |       ||   524
         Headbutt          |     7 |    12 |    26 |    82 |    47 ||   174
         Broad axe         |       |       |       |   144 |   193 ||   337
 Invoke: Receive Weapon    |       |       |       |     1 |       ||     1
         Receive Armour    |       |       |       |     1 |       ||     1
    Use: Scroll            |     3 |     5 |     9 |     9 |     1 ||    27
         Potion            |       |     3 |     2 |     3 |     2 ||    10
 Armour: Scale mail        |    10 |       |       |       |       ||    10
         Chain mail        |    38 |    72 |   140 |       |       ||   250
         Plate armour      |       |       |    48 |   320 |    36 ||   404
         Skin              |       |       |     6 |       |       ||     6
         Swamp dragon scal |       |       |       |       |   122 ||   122
  Dodge: Dodged            |    23 |    38 |    75 |    81 |    52 ||   269
  Block: Buckler           |    12 |    25 |    51 |   137 |    59 ||   284
